 Dungeon Crawl Stone Soup version 0.18-a0-1312-gf98331d (webtiles) character file.

1037 Reinor the Covert (level 8, 0/42 HPs)
             Began as a Spriggan Abyssal Knight on Feb 14, 2016.
             Was an Elder of Lugonu.
             Slain by an orc
             ... wielding a +0 flail
              (11 damage)
             ... on level 5 of the Dungeon.
             The game lasted 00:13:30 (5112 turns).

Reinor the Covert (Spriggan Abyssal Knight)         Turns: 5112, Time: 00:13:30

Health: 0/42       AC:  2    Str: 11    XL:     8   Next: 4%
Magic:  12/12      EV: 21    Int: 19    God:    Lugonu [****..]
Gold:   260        SH:  6    Dex: 16    Spells: 0 memorised, 7 levels left

rFire  . . .     SeeInvis +     d - +1 dagger (venom)
rCold  . . .     Gourm    .     b - +0 robe
rNeg   . . .     Faith    .     (shield restricted)
rPois  .         Spirit   .     (helmet restricted)
rElec  .         Dismiss  .     (no cloak)
rCorr  .         Reflect  +     (gloves unavailable)
SustAt .         Harm     .     (boots unavailable)
MR     +....                    n - +6 amulet of reflection (curse)
Stlth  ++++......               h - +3 ring of strength
                                i - +4 ring of intelligence

@: very quick, somewhat resistant to hostile enchantments, stealthy
A: unfitting armour, see invisible, herbivore 3, speed 3, slow metabolism 2
a: Depart the Abyss, Bend Space, Banish, Corrupt, Renounce Religion


You were on level 5 of the Dungeon.
You worshipped Lugonu.
Lugonu was greatly pleased with you.
You were hungry.

You visited 1 branch of the dungeon, and saw 5 of its levels.
You visited the Abyss 1 time.

You collected 260 gold pieces.

Inventory:

Hand Weapons
 d - a +1 dagger of venom (weapon)
Missiles
 r - 13 poisoned needles
Armour
 b - a +0 robe (worn)
Jewellery
 f - an uncursed amulet of rage
 h - a +3 ring of strength (right hand)
 i - a +4 ring of intelligence (left hand)
 n - a cursed +6 amulet of reflection (around neck)
Scrolls
 g - 2 scrolls of blinking {unknown}
 j - a scroll of recharging {unknown}
 k - a scroll of identify
 l - a scroll of enchant weapon
 m - a scroll of fear {unknown}
 p - 2 scrolls of amnesia {unknown}
 s - a scroll of enchant armour {unknown}
 u - a scroll of magic mapping
Potions
 a - a potion of haste
 e - 3 potions of flight
 q - a potion of invisibility
 t - a potion of resistance
 v - a potion of curing
Comestibles
 c - 2 bread rations
 o - 2 fruits
 w - a royal jelly


   Skills:
 - Level 4.0 Fighting
 - Level 5.0 Short Blades
 + Level 1.2 Throwing
 + Level 5.8 Dodging
 - Level 8.0 Stealth
 - Level 4.0 Invocations


You had 7 spell levels left.
You didn't know any spells.

Dungeon Overview and Level Annotations

Branches:
Dungeon (5/15)
 Temple: D:4-7

Altars:
Sif Muna

Annotations:
D:3 Potsanchik's ghost, amateur GrAK


Innate Abilities, Weirdness & Mutations

You are tiny and cannot use many weapons and most armour.
You have supernaturally acute eyesight.
You are an herbivore.
You cover ground extremely quickly.
You need consume almost no food.


Message History

You kill the adder!
Lugonu accepts your kill.
Your Fighting skill increases to level 4!
Things that are here:
a robe; a dagger; an orc skeleton You hit the orc but do no damage.
The orc is poisoned.
You see here a club.
You kill the sky beast!
Lugonu accepts your kill.
Your Throwing skill increases to level 1!
You have reached level 8!
You hit the orc but do no damage.
The orc looks even sicker.
The orc is moderately wounded.
You hit the orc but do no damage.
The orc is moderately wounded.
The orc misses you.
You closely miss the orc.
The orc is moderately wounded.
The orc hits you with a flail!
You die...

.#.....<.....#.# #.#
...........#...## #.#
........#.......###.#
#..#.............>#.###
...#.....#†...÷##.....####
#..#......#<)..###..#....##
#..††...#.#.[..####?......##
...)....#.......####.......#
.#.#....###..))o@..........#
##...#### #...<##..........#
###.# #.(..#####......## #.#
#....# ##.....## #.. ######
#.......# #... #.......#
#.... #.......# ####
##.....## ##...##


You could see an orc.

Vanquished Creatures
  A sky beast (D:5)
  A phantom (D:4)
  2 ogres (D:4)
  A centaur (D:5)
  A jelly (D:5)
  Crazy Yiuf (D:3)
  2 hounds
  An orc priest (D:4)
  2 iguanas
  4 orc wizards
  3 worker ants
  12 adders
  2 oozes (D:4)
  3 adder skeletons (D:4)
  2 worms
  4 giant geckos
  19 orcs
  A ball python (D:4)
  9 giant cockroaches
  7 goblins
  4 hobgoblins
  6 jackals
  6 kobolds
  2 quokkas (D:4)
  7 bats
  A giant gecko skeleton (D:4)
  3 giant newts
  A quokka skeleton (D:4)
  8 rats
116 creatures vanquished.

Vanquished Creatures (others)
  2 starspawn tentacles (Abyss:1)
2 creatures vanquished.

Grand Total: 118 creatures vanquished

Notes
Turn   | Place    | Note
--------------------------------------------------------------
     0 | Abyss:1  | Reinor the Spriggan Abyssal Knight began the quest for the Orb.
     0 | Abyss:1  | Reached XP level 1. HP: 11/11 MP: 3/3
     7 | Abyss:1  | Found a corrupted altar of Lugonu.
    84 | Abyss:1  | Noticed a small abomination
   109 | Abyss:1  | Noticed a tentacled starspawn
   117 | Abyss:1  | Noticed a wraith
   119 | Abyss:1  | Noticed a small abomination
   124 | D:1      | Escaped the Abyss
   336 | D:1      | Reached * piety under Lugonu
   623 | D:1      | Reached XP level 2. HP: 16/16 MP: 4/4
   768 | D:1      | Reached skill level 4 in Dodging
  1295 | D:2      | Reached XP level 3. HP: 19/19 MP: 5/5
  1352 | D:2      | Reached skill level 1 in Stealth
  1429 | D:2      | Reached ** piety under Lugonu
  1503 | D:1      | Reached XP level 4. HP: 7/23 MP: 6/6
  2016 | D:2      | Found a faded altar to an unknown god.
  2266 | D:3      | Noticed Potsanchik's ghost (amateur GrAK)
  2338 | D:3      | Found a deep blue altar of Sif Muna.
  2606 | D:3      | Noticed Crazy Yiuf
  2610 | D:3      | Killed Crazy Yiuf
  2610 | D:3      | Reached XP level 5. HP: 21/28 MP: 7/7
  2736 | D:4      | Noticed an ogre
  2749 | D:4      | Killed an ogre
  2749 | D:4      | Reached skill level 5 in Stealth
  2808 | D:4      | Reached XP level 6. HP: 32/32 MP: 8/8
  2857 | D:4      | Reached skill level 5 in Short Blades
  2857 | D:4      | Reached skill level 6 in Stealth
  3009 | D:4      | Reached *** piety under Lugonu
  3682 | D:4      | Reached skill level 7 in Stealth
  3682 | D:4      | Reached XP level 7. HP: 12/35 MP: 10/10
  4558 | D:4      | Reached skill level 8 in Stealth
  4656 | D:5      | Entered Level 5 of the Dungeon
  4832 | D:5      | Reached **** piety under Lugonu
  4891 | D:5      | Reached skill level 5 in Dodging
  5109 | D:5      | Reached skill level 1 in Throwing
  5109 | D:5      | Reached XP level 8. HP: 10/42 MP: 12/12
  5112 | D:5      | Slain by an orc

Vault maps used:
D:1:      dpeg_arrival_rooms_c, kennysheep_minor_cross, kennysheep_pointless_box
D:2:      ecumenical_altar_1
D:3:      lemuel_crystal_altar, uniq_crazy_yiuf_cottage
D:4:      minmay_fountain_box, minmay_misc_feat_five
D:5:      nemelex_altar_shiori, old_standard_altar,
          minmay_temple_entry_enclosed_plants, first_bread

Action                   |  1- 3 |  4- 6 |  7- 9 || total
-------------------------+-------+-------+-------++-------
Melee: Dagger            |    94 |   249 |   139 ||   482
Invok: Depart the Abyss  |     1 |       |       ||     1
  Use: Scroll            |     3 |     2 |     5 ||    10
       Potion            |     1 |     2 |       ||     3
 Stab: Sleeping          |     4 |     8 |     5 ||    17
  Eat: Pizza             |       |       |     1 ||     1
